 Dungeon Crawl Stone Soup version 0.21.1-1-g345015f (webtiles) character file.

58 kae the Insei (level 3, 0/39 HPs)
             Began as a Demonspawn Transmuter on May 17, 2018.
             Succumbed to an adder's poison
             ... on level 2 of the Dungeon.
             The game lasted 00:01:41 (1347 turns).

kae the Insei (Demonspawn Transmuter)               Turns: 1347, Time: 00:01:41

Health: 0/39       AC: 21    Str: 15    XL:     3   Next: 75%
Magic:  6/6        EV:  2    Int: 14    God:
Gold:   100        SH:  0    Dex: 14    Spells: 5/6 levels left

rFire    . . .     SeeInvis .     - Unarmed
rCold    . . .     Gourm    .   (no shield)
rNeg     + + +     Faith    .   (armour currently unavailable)
rPois    +         Spirit   .   (helmet currently unavailable)
rElec    .         Reflect  .   (cloak currently unavailable)
rCorr    .         Harm     .   (gloves currently unavailable)
MR       .....     NoTele   +   (boots currently unavailable)
Stlth    +.........             (no amulet)
HPRegen  0.13/turn              (no ring)
MPRegen  0.10/turn              (no ring)

@: mighty, lethally poisoned (0 -> -4), tree-form, hasted, very quick
A: rugged brown scales 1
a: no special abilities


You were on level 2 of the Dungeon.
You were hungry.
You were a tree.
You visited 1 branch of the dungeon, and saw 2 of its levels.

You collected 100 gold pieces.

Inventory:

Missiles
 a - 30 arrows
Armour
 b - a +0 robe (melded)
Scrolls
 e - 3 scrolls of identify
 f - 3 scrolls of teleportation {unknown}
 i - 2 scrolls of fear {unknown}
 l - a scroll of enchant weapon {unknown}
 m - a scroll of remove curse {unknown}
Books
 c - a book of Changes

   Spells                             Type                      Level
   a - Beastly Appendage              Transmutation                1
   b - Sticks to Snakes               Transmutation                2
   c - Spider Form                    Transmutation/Poison         3
   d - Ice Form                       Ice/Transmutation            4
   e - Blade Hands                    Transmutation                5
Comestibles
 d - 7 rations


   Skills:
 + Level 1.6 Fighting
 - Level 1.7 Dodging
 * Level 3.3 Unarmed Combat
 + Level 2.3 Spellcasting
 * Level 2.6 Transmutations


You had 5 spell levels left.
You knew the following spells:

 Your Spells              Type           Power        Failure   Level  Hunger
a - Beastly Appendage     Tmut           #.....       8%          1    #......


Dungeon Overview and Level Annotations

Branches:
Dungeon (2/15)

Altars:
Qazlal


Innate Abilities, Weirdness & Mutations

(You are partially covered in rugged brown scales. (AC +1, +3% HP))


Message History

You hit the adder but do no damage.
The adder is almost dead.
* * * LOW HITPOINT WARNING * * *
You feel sick. The adder bites you but does no damage.
You smack the adder!
You kill the adder!
Okay, then.
There is a lethal amount of poison in your body!
There is a lethal amount of poison in your body!
It was a potion of might.
You feel very mighty all of a sudden.
It was a potion of magic.
Magic courses through your body.
* * * LOW HITPOINT WARNING * * *
You feel sick.
There is a lethal amount of poison in your body!
You feel as though your hastened speed will last longer.
You feel as though your hastened speed will last longer.
There is a lethal amount of poison in your body!
There is a lethal amount of poison in your body!
You die...

#..# #..#### ##..... #.....#
..... ... #†# #♣# #.# #.#
#########.######
##..............#
#.......##.####.#
#..8..#.##.####.#######
######.8_8...........>.....#
........8..#.##.####.#####.#


There were no monsters in sight!

Vanquished Creatures
  2 adders (D:2)
  A leopard gecko (D:1)
  2 giant cockroaches
  6 goblins
  4 hobgoblins
  7 jackals (D:2)
  A quokka (D:2)
  3 bats (D:1)
  5 kobolds
  3 rats
34 creatures vanquished.

Notes
Turn   | Place    | Note
-------+----------+-------------------------------------------
     0 | D:1      | kae the Demonspawn Transmuter began the quest for the Orb.
     0 | D:1      | Reached XP level 1. HP: 15/15 MP: 3/3
   259 | D:1      | Gained mutation: You are partially covered in rugged brown scales. (AC +1, +3% HP) [demonic ancestry]
   259 | D:1      | Reached XP level 2. HP: 15/21 MP: 3/5
   313 | D:1      | Reached skill level 3 in Unarmed Combat
   600 | D:2      | Found a stormy altar of Qazlal.
   886 | D:2      | Reached XP level 3. HP: 10/26 MP: 4/6
   908 | D:2      | HP: 1/26 [poisoned by an adder]
  1269 | D:2      | Found a faded altar of an unknown god.
  1341 | D:2      | HP: 1/39 [poisoned by an adder]
  1347 | D:2      | Succumbed to an adder's poison

Skill      XL: |  1  2 |
---------------+-------+-----
Transmutations | 2 |  2.6
Unarmed Combat | 3 |  3.3
Fighting       | |  1.6
Dodging        | |  1.7
Spellcasting   | |  2.3

Action                   || total
-------------------------++-------
Melee: Unarmed           ||   119
       Kick              ||     8
       Punch             ||     1
       Headbutt          ||     5
 Cast: Beastly Appendage ||    14
  Use: Potion            ||     7
       Scroll            ||     1
  Eat: Chunk             ||     1
Armor: Robe              ||    26
       Skin              ||     4
Dodge: Dodged            ||    75
